Map: Abiogênese LE

Players

IagoAbreu

  • Race: Terran Terran
  • League: Silver
  • Spawn Location: 11:00

MAUMAUES - Winner!

  • Race: Terran Terran
  • League: Silver
  • Spawn Location: 5:00

VOD

Have the link to the VOD?

Description

Time

  • Played on: March 6, 2018, 11:30 a.m.
  • Length: 9:06
Show
View Real Time Build Order
Export as new Build Order

IagoAbreu Terran 

Build Orders:  

Get SALT Encoding   

  12  0:10  Supply Depot  
  12  0:13  SCV  
  13  0:24  Supply Depot  
  14  0:28  SCV  
  14  0:40  SCV  
  15  0:48  Barracks  
  15  0:57  SCV  
  16  1:07  Refinery  
  16  1:10  SCV  
  17  1:17  Engineering Bay  
  17  1:22  SCV  
  18  1:28  Refinery  
  18  1:46  Bunker  
  18  1:58  Bunker  
  18  2:07  Barracks Reactor  
  18  2:12  Orbital Command  
  18  2:19  Barracks  
  18  2:33  Supply Depot  
  18  2:35  Supply Depot  
  18  2:49  SCV  
  19  2:51  Marine  
  19  2:52  Marine  
  21  3:01  SCV  
  22  3:07  Factory  
  22  3:09  Marine x2  
  24  3:13  SCV  
  25  3:20  Barracks Tech Lab  
  25  3:25  SCV  
  26  3:27  Marine x2  
  26  3:28  Terran Infantry Weapons Level 1  
  28  3:45  Marine x2  
  30  3:52  Combat Shields  
  30  3:59  Factory Tech Lab  
  30  4:05  Starport  
  30  4:17  Command Center  
  30  4:26  Marine x2  
  32  4:32  Siege Tank  
  35  4:41  Marauder  
  35  4:43  Marine  
  35  4:44  Marine  
  39  4:49  Engineering Bay  
  39  4:50  SCV  
  40  5:03  SCV  
  41  5:13  Armory  
  41  5:15  SCV  
  41  5:18  Starport Reactor  
  42  5:22  Terran Infantry Armor Level 1  
  42  5:35  Orbital Command  
  42  5:39  SCV  
  43  5:45  Siege Tank  
  48  5:50  Marauder  
  48  5:51  SCV  
  49  6:12  SCV x2  
  51  6:19  Siege Tank  
  51  6:23  Marine x2  
  51  6:24  SCV x2  
  58  6:37  Marauder  
  58  6:39  Viking  
  62  6:50  Supply Depot  
  62  6:52  Supply Depot  
  62  7:12  Marine x2, Marauder, Viking  
  68  7:15  Refinery  
  68  7:17  Refinery  
  68  7:20  SCV  
  68  7:22  SCV  
  70  7:30  Marine x2  
  70  7:32  SCV  
  70  7:34  SCV  
  70  7:35  Neosteel Frame  
  53  8:17  Marine x2  
  45  8:21  Supply Depot  
  26  8:35  Marine x2  
  26  8:40  Marauder  
  35  8:54  Missile Turret  
Show
View Real Time Build Order
Export as new Build Order

MAUMAUES Terran - Winner!

Build Orders:  

Get SALT Encoding   

  12  0:01  SCV  
  13  0:15  Supply Depot  
  13  0:23  Refinery  
  13  0:31  Supply Depot  
  13  0:54  SCV  
  13  0:55  Barracks  
  14  1:08  Engineering Bay  
  14  1:23  Barracks  
  14  1:25  SCV  
  15  1:37  SCV  
  16  1:43  Missile Turret  
  16  1:50  SCV  
  16  1:53  Marine  
  18  2:04  SCV  
  19  2:11  Marine  
  20  2:22  Marine  
  21  2:29  Marine  
  22  2:37  SCV, Factory  
  23  2:41  Refinery  
  23  2:49  SCV, Missile Turret  
  24  2:55  Marine  
  25  3:01  SCV  
  26  3:13  Missile Turret  
  26  3:14  Marine x2  
  28  3:24  Factory Tech Lab  
  28  3:26  Starport  
  28  3:32  Marine x2  
  30  3:37  SCV  
  31  4:05  Supply Depot  
  31  4:16  Orbital Command  
  31  4:26  Marine x2, Medivac  
  35  4:44  Marine x2  
  37  5:13  Supply Depot  
  37  5:15  Supply Depot  
  37  5:17  Supply Depot  
  37  5:19  Barracks Reactor x2, Supply Depot  
  37  5:35  Siege Tank  
  40  5:49  Starport Tech Lab  
  40  5:56  Marine x4  
  44  6:07  Siege Tank  
  47  6:14  Marine x4  
  51  6:18  Cloaking Field  
  51  6:25  Banshee  
  51  6:31  Marine  
  51  6:32  Marine x3  
  58  6:39  Siege Tank  
  61  6:49  Marine x2  
  63  6:56  Marine x2  
  65  7:07  Marine x2  
  67  7:08  Banshee  
  67  7:14  Marine  
  71  7:28  Siege Tank  
  74  7:34  Supply Depot  
  74  7:36  Supply Depot  
  74  7:38  Supply Depot  
  50  8:33  Marine x4  
Tags
 
Add a new tag
Caveats
  • Supply blocks, unpowered buildings, or Contaminate may cause inaccurate times.
  • Supply counts are checked every 10 seconds.